 Dungeon Sprint DCSS version 0.21.2 (webtiles) character file.

169 Fang the Skirmisher (level 5, -4/57 HPs)
             Began as a Gargoyle Berserker on Sept 27, 2018.
             Was an Elder of Trog.
             Slain by a fire bat (8 damage)
             ... in the Dungeon (Sprint VII: "The Pits").
             The game lasted 00:00:43 (388 turns).

Fang the Skirmisher (Gargoyle Berserker)             Turns: 388, Time: 00:00:44

Health: -4/57      AC: 16    Str: 26    XL:     5   Next: 50%
Magic:  5/5        EV:  9    Int:  8    God:    Trog [****..]
Gold:   0          SH:  0    Dex:  9    Spells: 4/4 levels left

rFire    . . .     SeeInvis .   m - +2 hand axe (freeze)
rCold    . . .     Gourm    .   (no shield)
rNeg     + . .     Faith    .   n - +3 chain mail
rPois    ∞         Spirit   .   (no helmet)
rElec    +         Reflect  .   (no cloak)
rCorr    .         Harm     .   (no gloves)
MR       .....     NoTele   +   (no boots)
Stlth    ..........             (no amulet)
HPRegen  0.19/turn              (no ring)
MPRegen  0.09/turn              (no ring)

@: berserking (expiring), starving, very quick
A: negative energy resistance 1, electricity resistance, unbreathing,
petrification resistance, rot immunity, AC +4
a: Berserk, Trog's Hand, Brothers in Arms, Burn Spellbooks, Renounce Religion


You were in the Dungeon.
You worshipped Trog.
Trog was greatly pleased with you.
You were starving.

You visited 1 branch

Inventory:

Hand Weapons
 j - a +2 hand axe of electrocution
 m - a +2 hand axe of freezing (weapon)
Armour
 n - a +3 chain mail (worn)
Scrolls
 i - a scroll of blinking
 k - 3 scrolls of remove curse
 l - a scroll of summoning
Potions
 a - 2 potions of invisibility
 d - 6 potions of curing
 e - 6 potions of heal wounds
 f - a potion of haste
 g - 4 potions of magic
 h - 3 potions of berserk rage
Comestibles
 c - 9 rations


   Skills:
 + Level 7.1 Fighting
 + Level 6.8 Axes
 + Level 5.0 Armour
 + Level 3.5 Dodging
 + Level 0.7 Stealth


You had 4 spell levels left.
You didn't know any spells.

Dungeon Overview and Level Annotations

Branches:
Dungeon (1/1)

Altars:
Cheibriados
Dithmenos
Elyvilon
Fedhas
Gozag
Hepliaklqana
Makhleb
Nemelex Xobeh
Okawaru
Qazlal
Ru
Sif Muna
Trog
Vehumet
Wu Jian
Xom
Yredelemnul
Zin
The Shining One
Beogh
Jiyva
Lugonu


Innate Abilities, Weirdness & Mutations

You are resistant to torment.
Your stone body is resilient. (AC +4)
You are immune to poison.
You resist negative energy. (rN+)
You are resistant to electric shocks. (rElec)
You can survive without breathing.
You are immune to petrification.
You are immune to rotting.


Message History

The hungry ghost is severely damaged.
The fire bat bites you.
* * * LOW HITPOINT WARNING * * *
You are engulfed in flames!
* * * LOW HITPOINT WARNING * * *
Unknown command.
You slice the hungry ghost!!
You destroy the hungry ghost!
Trog accepts your kill.
Your Fighting skill gained 2 levels and is now at level 7!
Your Axes skill gained 2 levels and is now at level 6!
Your Armour skill gained 2 levels and is now at level 5!
Your Dodging skill increases to level 3!
You have reached level 4!
You feel clever.
You have reached level 5!
You closely miss the fire bat. The fire bat bites you.
* * * LOW HITPOINT WARNING * * *
You are engulfed in flames!
You die...

#.#..#####.##.......
#.#..†...#.##.......
#.#..)...†.##.......
#.#..########...<...
#.#..'.)))[##.......
#.#..#..))[##.......
#'###########.......
#...b...# ########
#.†@#...# #...# .#
#.##.# #.. #.. #..
... #.. ..+ ## ###


You could see a fire bat.

Vanquished Creatures
  A hungry ghost (D)
  An adder (D)
  A gnoll (D)
  An ufetubus (D)
  2 oozes (D)
  A leopard gecko (D)
  A hobgoblin (D)
  2 jackals (D)
  A quokka (D)
  A bat (D)
  A goblin (D)
13 creatures vanquished.

Notes
Turn   | Place    | Note
-------+----------+-------------------------------------------
     0 | D        | Fang the Gargoyle Berserker began the quest for the Orb.
     0 | D        | Reached XP level 1. HP: 14/14 MP: 1/1
   156 | D        | Found a bloodstained altar of Trog.
   156 | D        | Found a deep blue altar of Sif Muna.
   156 | D        | Found a viscous altar of Jiyva.
   156 | D        | Found a hazy altar of Hepliaklqana.
   156 | D        | Found an opulent altar of Gozag.
   157 | D        | Found a glowing golden altar of the Shining One.
   157 | D        | Found a glowing silver altar of Zin.
   157 | D        | Found a basalt altar of Yredelemnul.
   157 | D        | Found a shimmering altar of Xom.
   157 | D        | Found an ornate altar of the Wu Jian Council.
   157 | D        | Found a sacrificial altar of Ru.
   157 | D        | Found a stormy altar of Qazlal.
   157 | D        | Found an iron altar of Okawaru.
   157 | D        | Found a sparkling altar of Nemelex Xobeh.
   157 | D        | Found a burning altar of Makhleb.
   157 | D        | Found a blossoming altar of Fedhas.
   157 | D        | Found a white marble altar of Elyvilon.
   157 | D        | Found a shadowy altar of Dithmenos.
   157 | D        | Found a snail-covered altar of Cheibriados.
   159 | D        | Found a radiant altar of Vehumet.
   159 | D        | Found a corrupted altar of Lugonu.
   159 | D        | Found a roughly hewn altar of Beogh.
   197 | D        | Reached ** piety under Trog
   199 | D        | Reached skill level 4 in Fighting
   199 | D        | Reached XP level 2. HP: 20/20 MP: 2/2
   263 | D        | Reached *** piety under Trog
   263 | D        | Reached skill level 5 in Fighting
   263 | D        | Reached XP level 3. HP: 26/26 MP: 3/3
   371 | D        | Noticed a hungry ghost
   371 | D        | Noticed a fire bat
   373 | D        | Reached **** piety under Trog
   388 | D        | Killed a hungry ghost
   388 | D        | Reached skill level 7 in Fighting
   388 | D        | Reached skill level 5 in Armour
   388 | D        | Reached XP level 4. HP: 4/34 MP: 4/4
   388 | D        | Reached XP level 5. HP: 5/38 MP: 5/5
   388 | D        | Slain by a fire bat

Skill      XL: |  1  2  3 |
---------------+----------+-----
Axes           | 3 4 6 |  6.8
Fighting       | 4 5 7 |  7.1
Dodging        | 2 3 |  3.5
Armour         | 3 5 |  5.0
Stealth        | |  0.7

Action                   |  1- 3 |  4- 6 || total
-------------------------+-------+-------++-------
Melee: Hand axe          |    41 |       ||    41
Invok: Berserk           |     2 |       ||     2
Armor: Animal skin       |     4 |       ||     4
       Chain mail        |    15 |       ||    15
Dodge: Dodged            |    27 |       ||    27
